 Dungeon Crawl Stone Soup version 0.20.1-1-g8b1a95d (webtiles) character file.

6213 dvd the Grappler (level 10, -6/89 HPs)
             Began as a Troll Transmuter on Oct 9, 2017.
             Was an Elder of Cheibriados.
             Mangled by Snorg (12 damage)
             ... on level 10 of the Dungeon.
             The game lasted 00:21:50 (7438 turns).

dvd the Grappler (Troll Transmuter)                 Turns: 7438, Time: 00:21:51

Health: -6/89      AC:  6    Str: 34      XL:     10   Next: 61%
Magic:  24/24      EV: 13    Int: 20      God:    Cheibriados [****..]
Gold:   377        SH:  0    Dex: 19 (20) Spells: 11/17 levels left

rFire    + . .     SeeInvis .     - Unarmed
rCold    . . .     Gourm    +   (no shield)
rNeg     + . .     Faith    .   D - +1 robe "Trusted Companion" {rF+ Slay+3} (curse)
rPois    .         Spirit   .   (helmet restricted)
rElec    .         Reflect  .   (no cloak)
rCorr    .         Harm     .   (gloves unavailable)
MR       .....                  (boots unavailable)
Stlth    ++........             (no amulet)
Regen    0.7/turn               j - ring of magical power
MPRegen  0.2/turn               o - ring of positive energy

@: mighty, very slow
A: unfitting armour, claws 3, fast metabolism 3, gourmand, sense surroundings 1,
regeneration 1, shaggy fur 1, tough skin 2
a: Bend Time, Temporal Distortion, Slouch, Renounce Religion


You were on level 10 of the Dungeon.
You worshipped Cheibriados.
Cheibriados was greatly pleased with you.
You were completely stuffed.

You visited 2 branches of the dungeon, and saw 11 of its levels.

You collected 377 gold pieces.

Inventory:

Missiles
 a - 160 arrows
Armour
 b - a +0 robe
 l - a +0 shield
 D - the cursed +1 robe "Trusted Companion" (worn) {rF+ Slay+3}
   (You found it on level 6 of the Dungeon)

   It affects your accuracy and damage with ranged weapons and melee attacks
   (+3).
   It protects you from fire.
   It has a curse placed upon it.
Jewellery
 j - a ring of magical power (left claw)
 o - a ring of positive energy (right claw)
 s - an uncursed ring of protection from fire
Wands
 y - a wand of confusion (46/48)
 z - a wand of paralysis (7/24)
 F - a wand of confusion (5/48)
 K - a wand of lightning (5/15)
 L - a wand of paralysis (12/24)
Scrolls
 k - a scroll of teleportation
 n - 10 scrolls of identify
 u - 5 scrolls of remove curse
 v - a scroll of fog
 w - a scroll of fear
 x - a scroll of blinking
Potions
 e - a potion of mutation
 g - a potion of cancellation
 h - a potion of lignification
 p - 3 potions of heal wounds
 r - a potion of curing
Books
 c - a book of Changes

   Spells                             Type                      Level
   a - Beastly Appendage              Transmutation                1
   b - Sticks to Snakes               Transmutation                2
   c - Spider Form                    Transmutation/Poison         3
   d - Ice Form                       Ice/Transmutation            4
   e - Blade Hands                    Transmutation                5
 B - a book of Debilitation

   Spells                             Type                      Level
   a - Corona                         Hexes                        1
   b - Slow                           Hexes                        2
   c - Inner Flame                    Hexes/Fire                   3
   d - Portal Projectile              Hexes/Translocation          3
   e - Cause Fear                     Hexes                        4
   f - Leda's Liquefaction            Hexes/Earth                  4
 J - a book of Beasts

   Spells                             Type                      Level
   a - Summon Butterflies             Summoning                    1
   b - Call Canine Familiar           Summoning                    3
   c - Summon Ice Beast               Ice/Summoning                4
   d - Summon Mana Viper              Hexes/Summoning              5
   e - Summon Hydra                   Summoning                    7
Comestibles
 d - 12 bread rations
 f - 6 meat rations
 i - 4 royal jellies
 q - a chunk of flesh


   Skills:
 + Level 2.8 Fighting
 + Level 5.1 Dodging
 + Level 2.7 Stealth
 + Level 11.2 Unarmed Combat
 + Level 4.0 Spellcasting
 * Level 4.6 Transmutations
 + Level 0.4 Evocations


You had 11 spell levels left.
You knew the following spells:

 Your Spells              Type           Power        Failure   Level  Hunger
a - Beastly Appendage     Tmut           ###...       1%          1    None
b - Blade Hands           Tmut           ###.......   45%         5    ######.


Dungeon Overview and Level Annotations

Branches:
Dungeon (10/15)            Temple (1/1) D:6             Orc (0/2) D:10
   Lair: D:8-11

Altars:
Cheibriados
Dithmenos
Elyvilon
Fedhas
Gozag
Hepliaklqana
Makhleb
Nemelex Xobeh
Okawaru
Qazlal
Ru
Sif Muna
Trog
Uskayaw
Vehumet
Xom
Yredelemnul
Zin
The Shining One

Shops:
D:6 :

Annotations:
D:10 Snorg


Innate Abilities, Weirdness & Mutations

You are too large for most types of armour.
You have claws for hands.
Your metabolism is lightning-fast.
You like to eat raw meat.
Your natural rate of healing is unusually fast.
You are covered in fur. (AC +1)
You have very tough skin. (AC +2)
You passively map a small area around you.


Message History

* * * LOW HITPOINT WARNING * * *
Snorg closely misses you. The quasit barely misses you. The quasit claws you.
* * * LOW HITPOINT WARNING * * *
The quasit misses you. Snorg bites you!
* * * LOW HITPOINT WARNING * * *
Snorg misses you. Snorg closely misses you.
You feel much better. The quasit bites you. The quasit barely misses you.
The quasit closely misses you. Snorg bites you!!
* * * LOW HITPOINT WARNING * * *
Snorg barely misses you. Snorg claws you!
* * * LOW HITPOINT WARNING * * *
The quasit misses you.
The quasit claws you but does no damage.
The quasit barely misses you.
The adder hisses angrily.
You feel much better. Snorg barely misses you. Snorg closely misses you.
Snorg barely misses you. Snorg bites you!!
* * * LOW HITPOINT WARNING * * *
Snorg claws you!
You die...

#.# #........# #.#
#####'### #........#
#.#
........####........#
#.#
........'..#........#
#.#*
........##.'........#*
,
........####........+
, ,
############........#
#......)....#
#.######@#### * #
*#..5T.#* .....8.....
*,#..o.......o#
..%...........# *
..8...)>..oo8.. ,
#......o....S..
##...........#.* ,, ,
,


You could see Snorg (berserk), an orc warrior (fleeing), a quasit, an adder and
4 orcs.

Vanquished Creatures
  Erolcha (D:9)
  A troll (D:9)
  A merfolk (D:9)
  4 hippogriffs
  2 orc warriors
  3 sky beasts
  A black bear (D:6)
  3 phantoms (D:5)
  An ice beast (D:9)
  4 ogres
  3 centaurs
  A big kobold (D:9)
  Blork the orc (D:8)
  6 bullfrogs
  A gnoll sergeant (D:5)
  A water moccasin skeleton (D:5)
  3 scorpions
  8 killer bees
  8 wights
  2 howler monkeys (D:9)
  3 bullfrog zombies
  A crimson imp (D:8)
  6 hounds
  5 jellies
  3 orc priests
  A bullfrog skeleton (D:5)
  A gnoll shaman (D:6)
  7 orc wizards
  An iguana (D:5)
  4 worker ants
  A killer bee zombie (D:6)
  3 hound skeletons
  16 gnolls
  4 adders
  A shadow imp (D:5)
  An ooze (D:2)
  An adder skeleton (D:5)
  3 worms
  4 dart slugs
  5 leopard geckos
  34 orcs
  5 giant cockroaches
  7 goblins (D:1)
  8 hobgoblins
  13 jackals
  4 quokkas
  5 ball pythons
  10 bats
  6 frilled lizards
  11 kobolds
  A leopard gecko zombie (D:6)
  A quokka skeleton (D:5)
  11 rats
242 creatures vanquished.

Vanquished Creatures (others)
  A quokka (D:7)
1 creature vanquished.

Grand Total: 243 creatures vanquished

Notes
Turn   | Place    | Note
-------+----------+-------------------------------------------
     0 | D:1      | dvd the Troll Transmuter began the quest for the Orb.
     0 | D:1      | Reached XP level 1. HP: 18/18 MP: 1/1
   106 | D:1      | Reached XP level 2. HP: 26/26 MP: 0/2
   436 | D:1      | Reached XP level 3. HP: 32/32 MP: 2/4
   915 | D:2      | Found a burning altar of Makhleb.
  1209 | D:2      | Reached skill level 1 in Fighting
  1267 | D:2      | Reached XP level 4. HP: 33/41 MP: 3/5
  1318 | D:2      | Found a bloodstained altar of Trog.
  1947 | D:3      | Reached skill level 4 in Unarmed Combat
  2002 | D:3      | Found a shimmering altar of Xom.
  2241 | D:4      | Noticed a centaur
  2251 | D:4      | Killed a centaur
  2251 | D:4      | Reached XP level 5. HP: 20/48 MP: 6/6
  2439 | D:4      | Noticed an ogre
  2445 | D:4      | Killed an ogre
  2445 | D:4      | Reached XP level 6. HP: 55/55 MP: 8/8
  2789 | D:4      | Reached skill level 5 in Unarmed Combat
  2971 | D:5      | Entered Level 5 of the Dungeon
  2977 | D:5      | Reached skill level 1 in Stealth
  3054 | D:5      | Reached XP level 7. HP: 62/62 MP: 9/9
  3157 | D:4      | HP: 1/62 [gnoll/flail (4)]
  3365 | D:5      | Reached skill level 6 in Unarmed Combat
  3662 | D:5      | Reached XP level 8. HP: 70/70 MP: 11/11
  3817 | D:5      | Found a shadowy altar of Dithmenos.
  3824 | D:5      | Reached skill level 7 in Unarmed Combat
  4130 | D:6      | Found a staircase to the Ecumenical Temple.
  4139 | Temple   | Entered the Ecumenical Temple
  4164 | Temple   | Became a worshipper of Cheibriados the Contemplative
  4270 | Temple   | Learned a level 5 spell: Blade Hands
  4497 | D:6      | Reached skill level 8 in Unarmed Combat
  4629 | D:6      | Found Qurargh's Book Shoppe.
  4643 | D:6      | Got a tattered robe
  4654 | D:6      | Identified the cursed +1 robe "Trusted Companion" {rF+ Slay+3} (You found it on level 6 of the Dungeon)
  4708 | D:6      | Reached * piety under Cheibriados
  4797 | D:6      | Reached XP level 9. HP: 70/79 MP: 12/12
  5162 | D:7      | Found a blossoming altar of Fedhas.
  5188 | D:7      | Found a white marble altar of Elyvilon.
  5224 | D:7      | Reached skill level 9 in Unarmed Combat
  5599 | D:8      | Reached ** piety under Cheibriados
  5667 | D:8      | Found a basalt altar of Yredelemnul.
  6080 | D:8      | Noticed Blork the orc
  6097 | D:8      | Found a deep blue altar of Sif Muna.
  6108 | D:8      | Reached skill level 10 in Unarmed Combat
  6144 | D:8      | Killed Blork the orc
  6345 | D:9      | Reached XP level 10. HP: 80/88 MP: 14/14
  6476 | D:9      | Reached *** piety under Cheibriados
  6732 | D:9      | Found a hide-covered altar of Uskayaw.
  6782 | D:9      | Found a hazy altar of Hepliaklqana.
  6804 | D:9      | Reached skill level 5 in Dodging
  6964 | D:9      | Gained mutation: Your muscles are strong. (Str +2) [potion of mutation]
  6964 | D:9      | Lost mutation: Your muscles are strong. (Str +2) [potion of mutation]
  6964 | D:9      | Gained mutation: You passively map a small area around you. [potion of mutation]
  7216 | D:9      | Noticed Erolcha
  7232 | D:9      | Killed Erolcha
  7232 | D:9      | Reached **** piety under Cheibriados
  7232 | D:9      | Reached skill level 11 in Unarmed Combat
  7245 | D:10     | Entered Level 10 of the Dungeon
  7431 | D:10     | Found a staircase to the Orcish Mines.
  7431 | D:10     | Noticed Snorg
  7437 | D:10     | HP: 2/89 [Snorg (9)]
  7438 | D:10     | Mangled by Snorg

Skill      XL: |  1  2  3  4  5  6  7  8  9 10 |
---------------+-------------------------------+-----
Dodging        | 2 3 4 5 |  5.1
Fighting       | 1 2 |  2.8
Unarmed Combat | 4 5 6 8 10 11 | 11.2
Transmutations | 2 3 4 |  4.6
Spellcasting   | 2 3 4 |  4.0
Stealth        | 1 2 |  2.7
Evocations     | |  0.4

Action                   |  1- 3 |  4- 6 |  7- 9 | 10-12 || total
-------------------------+-------+-------+-------+-------++-------
Melee: Unarmed           |   168 |   144 |   285 |    84 ||   681
       Headbutt          |     8 |     5 |    20 |     6 ||    39
       Kick              |     5 |     6 |    24 |    20 ||    55
       Punch             |     1 |     4 |    10 |     5 ||    20
 Cast: Beastly Appendage |    23 |    22 |    37 |     9 ||    91
Evoke: Wand              |       |       |     6 |       ||     6
  Use: Scroll            |       |     3 |     1 |     9 ||    13
       Potion            |       |       |     1 |    13 ||    14
 Stab: Sleeping          |       |     1 |     6 |       ||     7
  Eat: Chunk             |    18 |    17 |    27 |     6 ||    68
Armor: Robe              |    88 |    56 |    55 |    23 ||   222
Dodge: Dodged            |    87 |    75 |   147 |    65 ||   374
